 Dungeon Crawl Stone Soup version 0.29-a0-553-g81b289dbe5 (webtiles) character file.

Game seed: 5068063330334002433

1519 Hubjo the Changer (level 8, -1/61 HPs)
             Began as a Demonspawn Transmuter on June 6, 2022.
             Slain by Pikel
             ... wielding a +2 whip of freezing
              (3 damage)
             ... on level 6 of the Dungeon.
             The game lasted 00:13:08 (7546 turns).

Hubjo the Changer (Demonspawn Transmuter)           Turns: 7546, Time: 00:13:09

Health: -1/61      AC:  6    Str: 11    XL:     8   Next: 54%
Magic:  7/14       EV: 12    Int: 15    God:
Gold:   263        SH:  0    Dex: 21    Spells: 10/15 levels left

rFire   . . .      SeeInvis .     - Unarmed
rCold   . . .      Faith    .   (no shield)
rNeg    . . .      Spirit   .   a - +1 robe
rPois   .          Reflect  .   (helmet currently unavailable)
rElec   .          Harm     .   (no cloak)
rCorr   +          Rampage  .   (no gloves)
Will    .....                   (boots currently unavailable)
Stlth   +++.......              (no amulet)
HPRegen 0.20/turn               k - +6 ring of dexterity
MPRegen 0.14/turn               l - ring of resist corrosion

@: about to teleport, appendages
A: horns 2, talons 2, claws 1, thin metallic scales 2, powered by pain 1
a: End Transformation


You were on level 6 of the Dungeon.
You had temporarily grown beastly horns and talons.
You visited 1 branch of the dungeon, and saw 6 of its levels.

You collected 263 gold pieces.

Inventory:

Armour
 a - a +1 robe (worn)
Jewellery
 k - a +6 ring of dexterity (left claw)
 l - a ring of resist corrosion (right claw)
Wands
 f - a wand of charming (7)
Scrolls
 g - a scroll of fog
 h - 2 scrolls of vulnerability
 j - 3 scrolls of teleportation
 o - a scroll of silence
 q - a scroll of poison
 r - a scroll of blinking {unknown}
 s - a scroll of immolation {unknown}
 w - a scroll of brand weapon
 x - a scroll of magic mapping
Potions
 b - 2 potions of lignification
 c - a potion of might {unknown}
 d - 2 potions of mutation {unknown}
 i - a potion of flight {unknown}
 m - a potion of curing
 n - 2 potions of attraction {unknown}
 t - 2 potions of heal wounds {unknown}
 u - a potion of brilliance {unknown}


   Skills:
 + Level 4.4 Fighting
 - Level 1.7 Dodging
 + Level 4.0 Stealth
 + Level 4.7 Unarmed Combat
 + Level 4.4 Spellcasting
 + Level 5.5 Transmutations
 * Level 1.5 Ice Magic


You had 10 spell levels left.
You knew the following spells:

 Your Spells              Type           Power      Damage    Failure   Level
a - Beastly Appendage     Tmut           40%        N/A       1%          1
b - Ice Form              Ice/Tmut       14%        N/A       36%         4

Your spell library contained the following spells:

 Spells                   Type           Power      Damage    Failure   Level
 Wereblood                Tmut           20%        N/A       2%          2
 Apportation              Tloc           6%         N/A       17%         1
 Necrotize                Necr           12%        1d4       17%         1
 Summon Small Mammal      Summ           12%        N/A       17%         1
 Spider Form              Tmut/Pois      11%        N/A       17%         3
 Poisonous Vapours        Pois/Air       6%         N/A       26%         2
 Static Discharge         Conj/Air       3%         N/A       26%         2
 Call Canine Familiar     Summ           3%         N/A       45%         3
 Portal Projectile        Hex/Tloc       6%         N/A       45%         3
 Corpse Rot               Necr/Pois/Air  3%         N/A       86%         4
 Leda's Liquefaction      Hex/Erth       1%         N/A       86%         4
 Lightning Bolt           Conj/Air       1%         1d12      99%         5
 Maxwell's Capacitive Co  Air            1%         ∞         100%        8


Dungeon Overview and Level Annotations

Branches:
Dungeon (6/15)
 Temple: D:4-7

Altars:
Fedhas
Vehumet
Yredelemnul

Shops:
D:5 (=(

Annotations:
D:4 3 runed translucent doors, Sylvie's ghost, amateur DECj
D:6 1 runed translucent door, Pikel


Innate Abilities, Weirdness & Mutations

You have temporarily grown beastly horns and talons.
You have sharp fingernails.
You are mostly covered in thin metallic scales. (AC +3)
You sometimes gain a little power by taking damage.


Message History

The lemure barely misses you.
You claw the lemure!
The lemure is heavily wounded.
The lemure hits you!
* * * LOW HITPOINT WARNING * * *
You are too injured to fight recklessly!
Casting: Beastly Appendage (safe; 1% risk of failure)
Confirm with . or Enter, or press ? or * to list all spells.
You grow a pair of large bovine horns.
Your feet morph into talons.
The lemure closely misses you.
You claw the lemure! Your kick misses the lemure.
The lemure is almost dead.
The lemure completely misses you.
You barely miss the lemure.
The lemure is almost dead.
The lemure hits you but does no damage.
You barely miss the lemure.
The lemure is almost dead.
The lemure hits you.
* * * LOW HITPOINT WARNING * * *
You scratch the lemure. You claw the lemure.
You kill the lemure!
That felt strangely unrewarding.
As you read the scroll of teleportation, it crumbles to dust.
You feel strangely unstable. Pikel closely misses you.
You scratch Pikel but do no damage. You claw Pikel.
Pikel is lightly wounded.
Pikel hits you with a +2 whip of freezing.
* * * LOW HITPOINT WARNING * * *
Pikel freezes you.
* * * LOW HITPOINT WARNING * * *
You scratch Pikel. Your kick misses Pikel. You headbutt Pikel.
Pikel is moderately wounded.
Pikel closely misses you.
You scratch Pikel.
Pikel is moderately wounded.
Pikel hits you with a +2 whip of freezing!
* * * LOW HITPOINT WARNING * * *
Pikel freezes you.
You die...

#########......#.#............#..
# #.#.#....#............### #
#.#.################### # #...#
......# # ####..## ......( #
#....## ....... ######.##.# ....#
.......##.# ####....# .########.#
##.@Ko...# .# ##.####..##....# .#
#.......## ....# ## #..######
##### # ####


You could see Pikel and an orc.

Vanquished Creatures
  Menkaure (D:5)
  2 black bears (D:5)
  A sky beast (D:6)
  A centaur (D:6)
  4 lemures (D:6)
  A phantom (D:6)
  Blork the orc (D:6)
  A bullfrog (D:6)
  5 necrophages
  A scorpion (D:4)
  A water moccasin zombie (D:4)
  A howler monkey (D:6)
  A centaur zombie (D:4)
  2 hounds
  A jelly (D:4)
  An iguana (D:6)
  2 scorpion zombies (D:4)
  8 adders
  A shadow imp (D:4)
  A white imp (D:5)
  An adder zombie (D:4)
  A worm (D:4)
  4 dart slugs
  11 orcs
  8 endoplasms
  3 giant cockroaches
  4 goblins
  7 hobgoblins
  3 jackals (D:1)
  6 quokkas
  7 ball pythons
  4 bats
  4 frilled lizards
  A goblin zombie (D:6)
  4 kobolds
  A kobold skeleton (D:6)
  4 rats
110 creatures vanquished.

Vanquished Creatures (others)
  A bush (D:4)
  13 plants (D:4)
14 creatures vanquished.

Grand Total: 124 creatures vanquished

Notes
Turn   | Place    | Note
-------+----------+-------------------------------------------
     0 | D:1      | Hubjo the Demonspawn Transmuter began the quest for the
                  | Orb.
     0 | D:1      | Reached XP level 1. HP: 15/15 MP: 3/3
   595 | D:1      | Gained mutation: You sometimes gain a little power by
                  | taking damage. [demonic ancestry]
   595 | D:1      | Reached XP level 2. HP: 8/21 MP: 1/5
   877 | D:1      | Reached skill level 2 in Transmutations
  1457 | D:1      | Gained mutation: You are partially covered in thin metallic
                  | scales. (AC +2) [demonic ancestry]
  1457 | D:1      | Reached XP level 3. HP: 27/27 MP: 3/6
  2047 | D:2      | Found a radiant altar of Vehumet.
  2130 | D:2      | Reached skill level 1 in Stealth
  2542 | D:2      | Found a faded altar of an unknown god.
  2582 | D:2      | Reached XP level 4. HP: 33/33 MP: 4/7
  2630 | D:2      | You fall into a shaft and drop 1 floor!
  3866 | D:4      | Reached XP level 5. HP: 38/39 MP: 8/8
  3932 | D:4      | Reached skill level 3 in Transmutations
  4132 | D:4      | Found a blossoming altar of Fedhas.
  4324 | D:4      | Found a runed translucent gate.
  4324 | D:4      | Found a runed translucent gate.
  4324 | D:4      | Found a runed translucent gate.
  4325 | D:4      | Noticed Sylvie's ghost (amateur DECj)
  4419 | D:4      | Gained mutation: You are mostly covered in thin metallic
                  | scales. (AC +3) [demonic ancestry]
  4419 | D:4      | Reached XP level 6. HP: 9/45 MP: 10/10
  4927 | D:4      | Reached skill level 4 in Transmutations
  4927 | D:4      | Reached XP level 7. HP: 21/52 MP: 10/12
  5498 | D:5      | Entered Level 5 of the Dungeon
  5620 | D:5      | Found Alutwige's Jewellery Emporium.
  5641 | D:5      | Found Acomimox's Antique Weapon Emporium.
  5713 | D:5      | Noticed Menkaure
  5725 | D:5      | Killed Menkaure
  5732 | D:5      | Found Dofemel's Antique Weapon Shoppe.
  5740 | D:5      | Reached skill level 5 in Transmutations
  5968 | D:5      | Gained mutation: You have sharp fingernails. [demonic
                  | ancestry]
  5968 | D:5      | Reached XP level 8. HP: 46/60 MP: 12/14
  6179 | D:6      | Learned a level 4 spell: Ice Form
  6376 | D:6      | Noticed Blork the orc
  6380 | D:6      | Reached skill level 1 in Ice Magic
  6964 | D:6      | Found a runed translucent door.
  7050 | D:6      | Killed Blork the orc
  7409 | D:6      | Found a basalt altar of Yredelemnul.
  7483 | D:6      | Noticed Pikel
  7546 | D:6      | HP: 2/61 [Pikel/+2 whip of freezing (8)]
  7546 | D:6      | Slain by Pikel

Illustrated notes

Levels and vault maps discovered:
D:1:      minmay_arrival_four_houses, layout_basic
D:2:      layout_loops_cross, dreamdust_ecumenical_altar_statues, basic_altar
D:3:      layout_loops_cross
D:4:      layout_basic, fedhas_altar_decomposition, gammafunk_ghost_necromancy
D:5:      layout_gridville, lemuel_zombie_altar_kikubaaqudgha, serial_shops,
          shop, kennysheep_mini_moat, shop, uniq_menkaure
D:6:      layout_rooms, dk_yredelemnul_ordeal, kennysheep_small_spiral,
          chequers_serial_rivers_micro_c, uniq_pikel, uniq_blork_the_orc

Skill      XL: |  1  2  3  4  5  6  7  8 |
---------------+-------------------------+-----
Transmutations | 2 3 4 5 |  5.5
Unarmed Combat | 3 4 |  4.7
Stealth        | 1 2 3 4 |  4.0
Fighting       | 2 3 4 |  4.4
Spellcasting   | 3 4 |  4.4
Ice Magic      | 1 |  1.5
Dodging        | |  1.7

Action                   |  1- 3 |  4- 6 |  7- 9 || total
-------------------------+-------+-------+-------++-------
Melee: Unarmed           |    98 |   173 |   175 ||   446
       Kick              |    31 |    53 |    48 ||   132
       Headbutt          |     7 |    28 |    36 ||    71
       Punch             |     2 |     5 |     8 ||    15
 Cast: Beastly Appendage |    46 |    27 |    22 ||    95
  Use: Scroll            |       |     6 |     7 ||    13
       Potion            |       |     2 |     2 ||     4
 Stab: Sleeping          |     4 |     2 |     1 ||     7
       Invisible         |       |       |     1 ||     1
Armor: Robe              |    19 |    39 |    52 ||   110
Dodge: Dodged            |    50 |    76 |   106 ||   232

Table legend: (Time is in decaauts)
 A = Elapsed time spent in this place.
 B = Non-inter-level travel time spent in this place.
 C = Inter-level travel time spent in this place.
 D = Time resting spent in this place.
 E = Time spent auto-exploring this place.
 F = Levels seen in this place.
 G = Mean time per level.
                   A        B        C        D        E       F      G
               +--------+--------+--------+--------+--------+-----+--------+
         Total |   7515 |   7374 |    141 |    784 |   5470 |   6 | 1252.5 |
       Dungeon |   7515 |   7374 |    141 |    784 |   5470 |   6 | 1252.5 |
               +--------+--------+--------+--------+--------+-----+--------+

Top non-repeatable levels by time:
     D:1: 2002 daAuts
     D:4: 1893 daAuts
     D:6: 1060 daAuts
     D:5: 975 daAuts
     D:3: 811 daAuts
     D:2: 772 daAuts
